 Dungeon Crawl Stone Soup version 0.31-a0-978-g1e143483b6 (webtiles) character file.

Game seed: 16899239123661481838

297 pokeman the Magician (level 6, -1/34 HPs)
             Began as a Deep Elf Hedge Wizard on Oct 30, 2023.
             Slain by a gnoll
             ... wielding a +4 spear
             ... led by a gnoll sergeant
              (6 damage)
             ... on level 4 of the Dungeon.
             The game lasted 00:07:31 (3791 turns).

pokeman the Magician (Deep Elf Hedge Wizard)        Turns: 3791, Time: 00:07:32

Health: -1/34      AC:  4    Str:  7    XL:     6   Next: 12%
Magic:  2/17       EV: 13    Int: 21    God:
Gold:   181        SH:  5    Dex: 20    Spells: 10/18 levels left

rFire   . . .        l - +0 dagger (drain)
rCold   . . .        (no shield)
rNeg    . . .        b - +0 robe
rPois   .            c - +0 hat
rElec   .            r - +1 cloak {rCorr}
rCorr   +            (no gloves)
SInv    .            (no boots)
Will    .....        a - amulet of reflection
Stlth   +++          x - +6 ring of dexterity
HPRegen 0.25/turn    (no ring)
MPRegen 0.15/turn

%: reflection
@: no status effects
A: no striking features
a: no special abilities


You were on level 4 of the Dungeon.
You visited 1 branch of the dungeon, and saw 4 of its levels.

You collected 181 gold pieces.

Inventory:

Hand Weapons
 l - a +0 dagger of draining (weapon)
 q - a +2 quarterstaff of chaos
Armour
 b - a +0 robe (worn)
 c - a +0 hat (worn)
 e - a +0 buckler
 r - a +1 cloak of preservation (worn)
Magical Staves
 o - a staff of earth
 y - a staff of cold
Jewellery
 a - an amulet of reflection (around neck)
 t - an amulet of guardian spirit
 x - a +6 ring of dexterity (left hand)
Wands
 C - a wand of polymorph (8)
Scrolls
 g - a scroll of amnesia {unknown}
 h - 6 scrolls of identify {unknown}
 j - a scroll of fear {unknown}
 p - a scroll of acquirement {unknown}
 u - a scroll of teleportation {unknown}
 w - a scroll of poison {unknown}
 A - a scroll of noise {unknown}
 B - a scroll of vulnerability {unknown}
Potions
 d - a potion of magic
 f - 2 potions of degeneration {unknown}
 i - a potion of attraction {unknown}
 k - a potion of resistance {unknown}
 m - 3 potions of heal wounds {unknown}
 n - 3 potions of curing {unknown}
 s - 2 potions of cancellation {unknown}
 v - 2 potions of mutation {unknown}
 z - a potion of lignification {unknown}


   Skills:
 - Level 1.0 Fighting
 - Level 1.0 Armour
 - Level 3.0 Dodging
 - Level 3.1 Stealth
 - Level 1.0 Shields
 * Level 6.7 Spellcasting
 + Level 3.0 Conjurations
 - Level 1.1 Summonings
 - Level 1.1 Translocations
 + Level 0.2 Ice Magic
 + Level 0.1 Air Magic
 + Level 0.2 Earth Magic
 + Level 0.2 Poison Magic
 - Level 1.1 Evocations


You had 10 spell levels left.
You knew the following spells:

 Your Spells              Type           Power      Damage    Failure   Level
a - Magic Dart            Conj           80%        1d7       2%          1
b - Mephitic Cloud        Conj/Pois/Air  11%        N/A       17%         3
c - Call Imp              Summ           22%        N/A       9%          2
d - Blink                 Tloc           22%        N/A       9%          2

Your spell library contained the following spells:

 Spells                   Type           Power      Damage    Failure   Level
 Searing Ray              Conj           40%        2d5       3%          2
 Slow                     Hex            28%        N/A       9%          1
 Cigotuvi's Dreadful Rot  Necr/Pois/Air  14%        N/A       13%         2
 Summon Guardian Golem    Hex/Summ       9%         N/A       22%         3
 Fulminant Prism          Conj/Hex       6%         3d7       43%         4
 Orb of Destruction       Conj           10%        9d6       100%        7
 Spellforged Servitor     Conj/Summ      7%         N/A       100%        7


Dungeon Overview and Level Annotations

Branches:
Dungeon (4/15)
 Temple: D:4-7

Altars:
Nemelex Xobeh

Shops:
D:3 (

Annotations:
D:2 Wand behind glass


Message History

The gnoll hits you from afar with a +4 spear.
* * * LOW HITPOINT WARNING * * *
Unknown command.
Casting: Mephitic Cloud (quite dangerous; 17% risk of failure)
Confirm with . or Enter, or press ? or * to list all spells.
You blink.
The gnoll throws a throwing net.
The throwing net barely misses you.
Unknown command.
Casting: Blink (safe; 9% risk of failure)
Confirm with . or Enter, or press ? or * to list all spells.
Aiming: Magic Dart (safe; 2% risk of failure)
Press: ? - help, Shift-Dir - straight line, f - gnoll sergeant
Aim: a gnoll sergeant, wielding a +3 spear of distortion, wearing a +0 scale mail and wearing a +0 buckler (severely wounded, confused, lightly drained, 100% to hit)
The magic dart hits the gnoll sergeant but does no damage.
The gnoll sergeant is severely wounded.
Casting: Magic Dart (safe; 2% risk of failure)
Confirm with . or Enter, or press ? or * to list all spells.
You don't have enough magic to cast this spell.
Unknown command.
Unknown command.
The gnoll sergeant hits the gnoll with a +3 spear of distortion!
Space warps around the gnoll.
You feel ready to blink again.
The gnoll hits the gnoll with a +0 flail.
The gnoll is killed!
There is an open door here.
Casting: Magic Dart (safe; 2% risk of failure)
Confirm with . or Enter, or press ? or * to list all spells.
A tiny devil pulls itself out of the air.
The gnoll attacks as it pursues you!
The gnoll hits you from afar with a +4 spear!
* * * LOW HITPOINT WARNING * * *
Your cerulean imp barely misses the gnoll.
Your cerulean imp hits the gnoll from afar with a -3 spear.
Your cerulean imp barely misses the gnoll.
Your cerulean imp hits the gnoll but does no damage.
The gnoll attacks as it pursues you! You block the gnoll's attack.
Your cerulean imp barely misses the gnoll.
The gnoll attacks as it pursues you!
The gnoll hits you from afar with a +4 spear.
You die...

###.......# #.......#
#.......######
#.######..#..##
...#...........#
..#.#......#....#
..#.#..##..######
#.#..##..##
.####......@..#
..............# ...
+..........g..#
#....#######..##..#####
#....# ##'###..##..##
#....# #....#..5....#
#.(..# #....#.......#
#....##+########'###...#
...................#####


You could see a gnoll (ally target) and a friendly cerulean imp (summoned).

Vanquished Creatures
  A hound (D:4)
  Crazy Yiuf (D:2)
  An orc wizard (D:4)
  6 adders
  7 gnolls
  2 worms
  5 orcs
  6 ball pythons
  4 endoplasms
  3 giant cockroaches
  5 goblins
  4 hobgoblins
  12 jackals
  5 quokkas
  8 bats
  3 frilled lizards
  5 kobolds
  5 rats
83 creatures vanquished.

Notes
Turn   | Place    | Note
-------+----------+-------------------------------------------
     0 | D:1      | pokeman the Deep Elf Hedge Wizard began the quest for the
                  | Orb.
     0 | D:1      | Reached XP level 1. HP: 10/10 MP: 7/7
   270 | D:1      | Reached XP level 2. HP: 13/15 MP: 5/9
  1096 | D:2      | Reached skill level 5 in Spellcasting
  1244 | D:2      | Reached XP level 3. HP: 20/20 MP: 2/11
  1248 | D:2      | Learned a level 3 spell: Mephitic Cloud
  1255 | D:2      | Learned a level 2 spell: Call Imp
  1258 | D:2      | Learned a level 2 spell: Blink
  1615 | D:2      | Found a runed translucent door.
  1616 | D:2      | Noticed Crazy Yiuf
  1665 | D:2      | Reached skill level 1 in Fighting
  1866 | D:2      | Reached skill level 1 in Armour
  1991 | D:2      | Killed Crazy Yiuf
  1992 | D:2      | Reached XP level 4. HP: 25/25 MP: 1/13
  2412 | D:3      | Reached skill level 6 in Spellcasting
  2412 | D:3      | Reached XP level 5. HP: 29/29 MP: 10/15
  2541 | D:3      | Reached skill level 1 in Shields
  3217 | D:3      | Found Odusaick's Antique Weapon Emporium.
  3287 | D:3      | Found a sparkling altar of Nemelex Xobeh.
  3742 | D:4      | Reached skill level 1 in Evocations
  3742 | D:4      | Reached XP level 6. HP: 31/34 MP: 13/17
  3791 | D:4      | Slain by a gnoll

Illustrated notes

Levels and vault maps discovered:
D:1:      amcnicky_arrival_abandoned_market, layout_basic
D:2:      layout_rooms, item_on_display_a, uniq_crazy_yiuf_cottage
D:3:      minmay_bubble_buster, layout_basic,
          mainiacjoe_overflow_six_doors_small, serial_shops, shop,
          kennysheep_potato
D:4:      layout_gridville, lemuel_zombie_altar_yredelemnul,
          mainiacjoe_overflow_chevrons, old_standard_altar, kennysheep_dice,
          uniq_blork_the_orc

Skill      XL: |  1  2  3  4  5 |
---------------+----------------+-----
Spellcasting   | 5 6 |  6.7
Fighting       | 1 |  1.0
Conjurations   | 2 3 |  3.0
Armour         | 1 |  1.0
Dodging        | 3 |  3.0
Shields        | 1 |  1.0
Stealth        | 3 |  3.1
Evocations     | 1 |  1.1
Summonings     | |  1.1
Translocations | |  1.1
Ice Magic      | |  0.2
Air Magic      | |  0.1
Earth Magic    | |  0.2
Poison Magic   | |  0.2

Action                     |  1- 3 |  4- 6 || total
---------------------------+-------+-------++-------
  Melee: Dagger            |    34 |    42 ||    76
         Punch             |     1 |       ||     1
         Unarmed           |       |    17 ||    17
   Cast: Magic Dart        |    99 |   108 ||   207
         Call Imp          |     2 |     1 ||     3
         Mephitic Cloud    |     1 |     7 ||     8
         Blink             |       |     1 ||     1
   Stab: Confused          |       |     6 ||     6
 Armour: Robe              |    23 |    22 ||    45
         Skin              |       |     5 ||     5
  Dodge: Dodged            |    36 |    46 ||    82
  Block: Other             |    10 |     5 ||    15

Table legend: (Time is in decaauts)
 A = Elapsed time spent in this place.
 B = Non-inter-level travel time spent in this place.
 C = Inter-level travel time spent in this place.
 D = Time resting spent in this place.
 E = Time spent auto-exploring this place.
 F = Levels seen in this place.
 G = Mean time per level.
                   A        B        C        D        E       F      G
               +--------+--------+--------+--------+--------+-----+--------+
         Total |   3788 |   3597 |    191 |     31 |   2982 |   4 |  947.0 |
       Dungeon |   3788 |   3597 |    191 |     31 |   2982 |   4 |  947.0 |
               +--------+--------+--------+--------+--------+-----+--------+

Top non-repeatable levels by time:
     D:3: 1233 daAuts
     D:2: 1153 daAuts
     D:1: 1116 daAuts
     D:4: 285 daAuts
